 Dungeon Crawl Stone Soup version 0.28.0-53-g5a82cb258f (webtiles) character file.

Game seed: 17902402317788758104

58 ILmort the Cudgeller (level 3, -3/31 HPs)
             Began as a Minotaur Fighter on Aug 7, 2022.
             Frozen to death by an endoplasm (4 damage)
             ... on level 2 of the Dungeon.
             The game lasted 00:04:58 (1137 turns).

ILmort the Cudgeller (Minotaur Fighter)             Turns: 1137, Time: 00:04:58

Health: -3/31      AC:  7    Str: 22    XL:     3   Next: 76%
Magic:  2/2        EV:  6    Int:  5    God:
Gold:   51         SH:  4    Dex:  9    Spells: 2/2 levels left

rFire   . . .      SeeInvis .   a - +0 flail
rCold   . . .      Faith    .   c - +0 buckler
rNeg    . . .      Spirit   .   b - +1 scale mail
rPois   .          Reflect  .   (helmet restricted)
rElec   .          Harm     .   (no cloak)
rCorr   .          Rampage  .   (no gloves)
Will    .....                   (no boots)
Stlth   ..........              (no amulet)
HPRegen 0.10/turn               (no ring)
MPRegen 0.08/turn               (no ring)

@: constricted
A: horns 2, retaliatory headbutt
a: no special abilities


You were on level 2 of the Dungeon.
You visited 1 branch of the dungeon, and saw 2 of its levels.

You collected 51 gold pieces.

Inventory:

Hand Weapons
 a - a +0 flail (weapon)
Missiles
 g - a stone (quivered)
Armour
 b - a +1 scale mail (worn)
 c - a +0 buckler (worn)
Scrolls
 h - a scroll of teleportation
Potions
 d - 2 potions of might
 e - a potion of curing


   Skills:
 - Level 3.6 Fighting
 + Level 5.1 Maces & Flails
 - Level 3.6 Armour
 - Level 3.6 Shields


You had 2 spell levels left.
You didn't know any spells.
Your spell library was empty.

Dungeon Overview and Level Annotations

Branches:
Dungeon (2/15)

Altars:
Cheibriados

Shops:
D:1 !   D:2 ?


Innate Abilities, Weirdness & Mutations

You have a pair of horns on your head.
You reflexively headbutt those who attack you in melee.


Message History

The ball python bites you but does no damage.
You thump Jessica!
You kill Jessica!
The ball python bites you but does no damage.
The ball python constricts you. You block the ball python's attack.
Your Maces & Flails skill increases to level 5!
You closely miss the ball python.
The ball python bites you but does no damage.
The ball python constricts you. The ball python bites you.
You block the ball python's attack. The ball python constricts you.
The ball python barely misses you.
You hit the ball python but do no damage.
Your headbutt misses the ball python. The ball python closely misses you.
The ball python constricts you. The ball python barely misses you.
You furiously retaliate!
You headbutt the ball python!
You kill the ball python!
The ball python barely misses you. The ball python constricts you.
You barely miss the endoplasm. The endoplasm freezes you.
You are frozen.
* * * LOW HITPOINT WARNING * * *
The ball python bites you.
* * * LOW HITPOINT WARNING * * *
The ball python constricts you.
You barely miss the endoplasm. The endoplasm freezes you.
You are frozen.
* * * LOW HITPOINT WARNING * * *
The ball python bites you but does no damage.
The ball python constricts you.
* * * LOW HITPOINT WARNING * * *
The endoplasm freezes you.
You are frozen.
* * * LOW HITPOINT WARNING * * *
You barely miss the endoplasm. The ball python bites you.
* * * LOW HITPOINT WARNING * * *
The ball python constricts you. The endoplasm freezes you.
You are frozen.
You die...

##########
#.........
#.........
#.....?...
#.........
#)S.......
#.@†......
#..J......
##########


You could see an endoplasm and a ball python.

Vanquished Creatures
  Jessica (D:2)
  A worm (D:2)
  4 ball pythons
  3 bats (D:1)
  4 endoplasms (D:1)
  4 goblins (D:1)
  A hobgoblin (D:1)
  5 kobolds
  2 quokkas (D:1)
  2 rats (D:1)
27 creatures vanquished.

Notes
Turn   | Place    | Note
-------+----------+-------------------------------------------
     0 | D:1      | ILmort the Minotaur Fighter began the quest for the Orb.
     0 | D:1      | Reached XP level 1. HP: 19/19 MP: 0/0
    36 | D:1      | Reached skill level 3 in Maces & Flails
    68 | D:1      | Reached XP level 2. HP: 12/26 MP: 1/1
   648 | D:1      | Found Lyxisch's Distillery.
   731 | D:1      | Reached skill level 4 in Maces & Flails
   911 | D:1      | Found a snail-covered altar of Cheibriados.
  1084 | D:2      | Reached XP level 3. HP: 31/31 MP: 2/2
  1108 | D:2      | Found Renofi Veept's Magic Scroll Shop.
  1125 | D:2      | Noticed Jessica
  1132 | D:2      | Killed Jessica
  1133 | D:2      | Reached skill level 5 in Maces & Flails
  1137 | D:2      | HP: 1/31 [ball python (1)]
  1137 | D:2      | Frozen to death by an endoplasm

Illustrated notes

Levels and vault maps discovered:
D:1:      minmay_arrival_open_corners, layout_basic, serial_shops, shop,
          kennysheep_flooded_box
D:2:      layout_basic, serial_shops, nicolae_shop_waterfront, shop, shop,
          shop_statue, shop, dreamdust_ecumenical_altar_drowned_temple,
          corner_web_ring, uniq_crazy_yiuf_cottage, uniq_jessica

Skill      XL: |  1  2  3 |
---------------+----------+-----
Maces & Flails | 3 4 5 |  5.1
Fighting       | |  3.6
Armour         | |  3.6
Shields        | |  3.6

Action                   || total
-------------------------++-------
Melee: Flail             ||    62
       Headbutt          ||     6
Throw: Stone             ||     1
  Use: Scroll            ||     3
Armor: Scale mail        ||    31
Dodge: Dodged            ||    34
Block: Buckler           ||    20
